 Dungeon Crawl Stone Soup version 0.31-a0-971-g75a2e9a4b4 (webtiles) character file.

Game seed: 9563969501233609191

312 demibob the Poker (level 6, -5/36 HPs)
             Began as a Deep Elf Chaos Knight on Oct 28, 2023.
             Was a Plaything of Xom.
             Slain by Eustachio
             ... wielding a +0 rapier
              (9 damage)
             ... on level 4 of the Dungeon.
             The game lasted 00:04:21 (2652 turns).

demibob the Poker (Deep Elf Chaos Knight)           Turns: 2652, Time: 00:04:22

Health: -5/36      AC:  6    Str:  9    XL:     6   Next: 18%
Magic:  0/8        EV: 12    Int: 19    God:    Xom [....*.]
Gold:   29         SH:  4    Dex: 14    Spells: 5/5 levels left

rFire   . . .        a - +1 spear (chaos)
rCold   . . .        (no shield)
rNeg    . . .        b - +2 leather armour
rPois   .            (no helmet)
rElec   .            (no cloak)
rCorr   +            g - +0 pair of gloves
SInv    .            (no boots)
Will    .....        d - amulet of guardian spirit
Stlth   +            R - ring of resist corrosion
HPRegen 0.26/turn    (no ring)
MPRegen 0.11/turn

%: guardian spirit
@: brilliant, about to teleport
A: large bone plates 1
a: Renounce Religion


You were on level 4 of the Dungeon.
You worshipped Xom.
You were a beloved toy of Xom.
You visited 1 branch of the dungeon, and saw 4 of its levels.

You collected 99 gold pieces.
You spent 70 gold pieces at shops.


Innate Abilities, Weirdness & Mutations

You are partially covered in large bone plates. (SH +4)


   Skills:
 - Level 2.4 Fighting
 - Level 5.0(5.1) Polearms
 + Level 0.8(4.2) Staves
 - Level 0.7 Armour
 - Level 2.4 Dodging
 + Level 0.9 Ice Magic
 + Level 0.9 Evocations


You had 5 spell levels left.
You didn't know any spells.
Your spell library was empty.

Inventory:

Hand Weapons
 a - a +1 spear of chaos (weapon)
Armour
 b - a +2 leather armour (worn)
 g - a +0 pair of gloves (worn)
Magical Staves
 f - a staff of cold {!a}
Jewellery
 d - an amulet of guardian spirit (around neck)
 C - a ring of ice
 R - a ring of resist corrosion (left hand)
Scrolls
 e - a scroll of teleportation {@r2}
Potions
 c - a potion of lignification
 h - a potion of mutation

Dungeon Overview and Level Annotations

Branches:
Dungeon (4/15)
 Temple: D:4-7

Altars:
Ashenzari
Cheibriados

Shops:
D:2 ?   D:3 =

Portals:
Abyss: D:3

Annotations:
D:3 2 transporters, Fodor's ghost, amateur MiFi
D:4 Eustachio

.......(.......
.......@..... ......
...§......▒ ....▒
▒...▒ ....▒ ▒▒.▒▒ ...
▒.▒ ... ▒.▒ ▒.▒
▒▒.▒▒▒▒▒▒▒▒▒▒▒▒▒▒.▒
▒..rb@@§§......▒▒<▒▒▒▒
▒.▒▒▒▒▒§§▒▒▒▒▒.▒▒.(...
▒.▒ ▒..▒...▒.▒▒>▒▒#+
▒.▒ ▒....▒..)...▒ ▒.▒
▒..▒...▒.▒....#
▒.▒▒▒▒▒..▒▒▒▒▒.▒...▒#
▒......(.......▒...▒
▒▒▒▒▒▒▒▒▒▒▒▒▒▒▒▒....#
▒.▒..#


You could see Eustachio (berserk, resistant, slow), a river rat (summoned) and a
bat (summoned).


Message History

The bat barely misses you. The bat hits you but does no damage.
Eustachio hits you with a +0 rapier!
* * * LOW HITPOINT WARNING * * *
Your white imp barely misses Eustachio.
You hit Eustachio.
Eustachio is heavily wounded.
The bat misses you. Eustachio barely misses you.
The bat hits you but does no damage.
Your white imp hits Eustachio.
Your white imp freezes Eustachio.
Eustachio resists.
Eustachio hits you but does no damage.
As you read the scroll of teleportation {@r2}, it crumbles to dust.
You feel strangely unstable. The bat closely misses you.
Your white imp gestures at Eustachio.
The puff of frost hits Eustachio.
Eustachio resists.
Eustachio hits your white imp with a +0 rapier!
Your white imp dies!
Your white imp degenerates into a cloud of primal chaos!
The bat hits you but does no damage.
Eustachio shouts!
You hit Eustachio.
Eustachio seems to slow down.
Eustachio is severely wounded.
The bat closely misses you. Eustachio hits you with a +0 rapier!
* * * LOW HITPOINT WARNING * * *
You closely miss Eustachio.
Eustachio is severely wounded. "Forecast: mostly cloudy."
The bat hits you but does no damage. Eustachio hits you with a +0 rapier!
You die...
Eustachio says, "Such is the fate of all honourless rascals."
Xom thinks this is hilarious!

Skill      XL: |  1  2  3  4  5 |
---------------+----------------+-----
Polearms       | 3 4 5 |  5.0
Fighting       | |  2.4
Staves         | |  0.8
Armour         | |  0.7
Dodging        | |  2.4
Ice Magic      | |  0.9
Evocations     | |  0.9

Action                     |  1- 3 |  4- 6 || total
---------------------------+-------+-------++-------
  Melee: Spear             |    73 |   219 ||   292
    Use: Scroll            |     1 |     7 ||     8
         Potion            |       |     4 ||     4
   Stab: Paralysed         |       |     3 ||     3
         Sleeping          |       |     1 ||     1
 Armour: Leather armour    |    41 |   110 ||   151
         Skin              |       |    44 ||    44
  Dodge: Dodged            |    33 |    90 ||   123
  Block: Other             |     1 |    27 ||    28

Levels and vault maps discovered:
D:1:      saegor_arrival_under_anarchy, layout_rooms
D:2:      layout_basic, serial_shops, shop, grunt_ministairs_8, uniq_jessica
D:3:      layout_loops_corners, lemuel_crystal_altar,
          mainiacjoe_overflow_alcove_4, gammafunk_ghost_abyssal_escape,
          serial_shops, shop, corner_web_ring
D:4:      layout_loops_cross, wad_floor_pattern_2, kennysheep_cross_bottleneck,
          hangedman_decor_points, serial_bayou_lagoon_b, uniq_eustachio

Notes
Turn   | Place    | Note
-------+----------+-------------------------------------------
     0 | D:1      | demibob the Deep Elf Chaos Knight began the quest for the
                  | Orb.
     0 | D:1      | Reached XP level 1. HP: 13/13 MP: 3/3
    39 | D:1      | XOM: silly message
   129 | D:1      | Reached XP level 2. HP: 14/18 MP: 0/4
   248 | D:1      | XOM: smoke on damage
   347 | D:1      | XOM: silly message
   392 | D:1      | XOM: give mutation
   392 | D:1      | Gained mutation: You are partially covered in large bone
                  | plates. (SH +4) [Xom's mischief]
   683 | D:1      | XOM: silly message
   777 | D:2      | Reached skill level 3 in Polearms
   777 | D:2      | Reached XP level 3. HP: 22/22 MP: 5/5
   788 | D:2      | Reached XP level 4. HP: 27/27 MP: 6/6
   805 | D:2      | XOM: summons 4 hostile shadow creatures
  1067 | D:2      | Noticed Jessica
  1068 | D:2      | XOM: butterfly on damage
  1081 | D:2      | Reached skill level 4 in Polearms
  1081 | D:2      | Killed Jessica
  1095 | D:2      | Reached XP level 5. HP: 20/31 MP: 4/7
  1235 | D:2      | Found Buisuatu's Magic Scroll Shoppe.
  1242 | D:2      | Bought a scroll of identify for 20 gold pieces
  1242 | D:2      | Bought a scroll of identify for 20 gold pieces
  1242 | D:2      | Bought a scroll of teleportation for 30 gold pieces
  1594 | D:3      | Found Tofokh's Jewellery Shoppe.
  1889 | D:3      | Found a snail-covered altar of Cheibriados.
  1996 | D:3      | Reached skill level 5 in Polearms
  2049 | D:3      | Found a transporter.
  2135 | D:3      | Noticed Fodor's ghost (amateur MiFi)
  2202 | D:3      | Found a broken altar of Ashenzari.
  2394 | D:3      | Found a one-way gate to the infinite horrors of the Abyss.
  2399 | D:3      | Found a transporter.
  2571 | D:4      | XOM: god gift: 3 large rocks
  2585 | D:4      | Reached XP level 6. HP: 36/36 MP: 8/8
  2618 | D:4      | Noticed Eustachio
  2637 | D:4      | XOM: summons friendly white imp
  2652 | D:4      | XOM: fog
  2652 | D:4      | Slain by Eustachio

Vanquished Creatures
  A scorpion (D:4)
  Jessica (D:2)
  2 orc wizards (D:3)
  3 gnolls (D:2)
  3 adders (D:3)
  A worm (D:2)
  3 dart slugs
  6 orcs (D:3)
  3 endoplasms
  A giant cockroach (D:1)
  4 hobgoblins
  2 jackals (D:1)
  A quokka (D:1)
  5 ball pythons
  5 bats
  2 frilled lizards
  4 goblins
  3 kobolds
  2 rats
52 creatures vanquished.

Vanquished Creatures (collateral kills)
  4 gnolls (D:2)
  2 adders (D:2)
  A kobold (D:2)
  2 frilled lizards (D:2)
9 creatures vanquished.

Grand Total: 61 creatures vanquished

Table legend: (Time is in decaauts)
 A = Elapsed time spent in this place.
 B = Non-inter-level travel time spent in this place.
 C = Inter-level travel time spent in this place.
 D = Time resting spent in this place.
 E = Time spent auto-exploring this place.
 F = Levels seen in this place.
 G = Mean time per level.
                   A        B        C        D        E       F      G
               +--------+--------+--------+--------+--------+-----+--------+
         Total |   2622 |   2537 |     85 |    111 |   1948 |   4 |  655.5 |
       Dungeon |   2622 |   2537 |     85 |    111 |   1948 |   4 |  655.5 |
               +--------+--------+--------+--------+--------+-----+--------+

Top non-repeatable levels by time:
     D:3: 1087 daAuts
     D:1: 768 daAuts
     D:2: 687 daAuts
     D:4: 78 daAuts

Table legend:
 A = Non-vault XP
 B = Vault XP
 C = Vault XP percentage of total XP
 D = Non-vault monster count
 E = Vault monster count
 F = Vault count percentage of total count
                 A         B        C        D         E       F
            +---------+---------+-------+---------+---------+-------
      Total |     406 |      40 |   9.0 |      58 |       3 |   4.9
            +---------+---------+-------+---------+---------+-------
        D:1 |      26 |       0 |   0.0 |      15 |       0 |   0.0
        D:2 |     151 |      40 |  20.9 |      21 |       3 |  12.5
        D:3 |     145 |       0 |   0.0 |      20 |       0 |   0.0
        D:4 |      84 |       0 |   0.0 |       2 |       0 |   0.0
            +---------+---------+-------+---------+---------+-------
